 Dungeon Crawl Stone Soup version 0.28.0-49-g6dfe1f597d (webtiles) character file.

Game seed: 17688119712433650027

77 Exodus22XD the Covered (level 4, 40/40 HPs)
             Began as a Minotaur Fighter on May 20, 2022.
             Was an Initiate of Ashenzari.
             Quit the game on level 2 of the Dungeon.
             The game lasted 00:01:20 (1191 turns).

Exodus22XD the Covered (Minotaur Fighter)           Turns: 1191, Time: 00:01:20

Health: 40/40      AC:  7    Str: 23    XL:     4   Next: 14%
Magic:  3/3        EV:  9    Int:  5    God:    Ashenzari [......]
Gold:   54         SH:  4    Dex:  9    Spells: 3/3 levels left

rFire   . . .      SeeInvis .   a - +0 war axe
rCold   . . .      Faith    .   c - +0 buckler
rNeg    . . .      Spirit   .   b - +0 scale mail
rPois   .          Reflect  .   (helmet restricted)
rElec   .          Harm     .   (no cloak)
rCorr   .          Rampage  .   (no gloves)
Will    .....                   (no boots)
Stlth   ..........              (no amulet)
HPRegen 0.13/turn               (no ring)
MPRegen 0.08/turn               (no ring)

@: no status effects
A: horns 2, retaliatory headbutt
a: Renounce Religion, Curse Item


You were on level 2 of the Dungeon.
You worshipped Ashenzari.
Ashenzari was noncommittal.
You visited 1 branch of the dungeon, and saw 2 of its levels.

You collected 54 gold pieces.

Inventory:

Hand Weapons
 a - a +0 war axe (weapon)
Armour
 b - a +0 scale mail (worn)
 c - a +0 buckler (worn)
Jewellery
 g - an amulet of magic regeneration
Wands
 n - a wand of flame (11)
Scrolls
 h - a scroll of amnesia {unknown}
 j - 2 scrolls of magic mapping {unknown}
 k - a scroll of enchant armour {unknown}
 l - a scroll of vulnerability {unknown}
 m - a scroll of teleportation {unknown}
Potions
 d - a potion of might
 e - a potion of magic {unknown}
 f - 2 potions of curing {unknown}
 i - 2 potions of heal wounds {unknown}


   Skills:
 + Level 4.2 Fighting
 + Level 3.4 Axes
 + Level 4.4 Armour
 + Level 4.3 Shields


You had 3 spell levels left.
You didn't know any spells.
Your spell library contained the following spells:

 Spells                   Type           Power      Damage    Failure   Level
 Leda's Liquefaction      Hex/Erth       0%         N/A       100%        4
 Lee's Rapid Deconstruct  Erth           0%         3d5*      100%        5
 Statue Form              Tmut/Erth      0%         N/A       100%        6


Dungeon Overview and Level Annotations

Branches:
Dungeon (2/15)

Altars:
Ashenzari


Innate Abilities, Weirdness & Mutations

You have a pair of horns on your head.
You reflexively headbutt those who attack you in melee.


Message History

You enter the shallow water.
Moving in this stuff is going to be slow.
Key pressed, stopping explore.
No target in view!
No target in view!
j - 2 scrolls labelled NAHOUSCH OXZO (gained 1)
Found a faded altar of an unknown god.
No target in view!
There is a faded altar of an unknown god here.
Found a flail.
No target in view!
Found a stone staircase leading down.
No target in view!
No target in view!
There is a faded altar of an unknown god here.
You cannot tell which god this altar belongs to.
Convert to them anyway?
Ashenzari accepts your prayer! Ashenzari welcomes you!
Ashenzari warns you of distant threats and treasures.
Ashenzari reveals the structure of the dungeon to you.
Ashenzari shows you where magical portals lie.
Ashenzari invites you to partake of a vision and a curse of cunning and alchemy.
Okay, then.
A goblin comes into view. It is wielding a +0 club.
Found a stone staircase leading down.
The goblin shouts!
Found a stone staircase leading down.
A goblin is nearby!
The goblin hits you with a +0 club.
You barely miss the goblin. The goblin misses you. You furiously retaliate!
You headbutt the goblin. The goblin barely misses you. You furiously retaliate!
You headbutt the goblin.
You kill the goblin!
There is a stone staircase leading down here.
You see here a +0 short sword.
Key pressed, stopping explore.
No target in view!
Key pressed, stopping explore.
No target in view!
No target in view!
No target in view!
Are you sure you want to abandon this character and quit the game? (Confirm with "yes".)

###### #....≈≈≈≈♣≈≈♣ #....#
#....♣≈P≈≈≈≈≈ ##....#
#....≈≈≈≈P≈≈≈ ##.....#
#...♣≈P≈P≈≈≈≈ #..##..#
#..♣≈≈≈≈≈≈≈P≈ ##### ##.####.#
##..♣.≈≈.≈≈≈≈≈ #...######..#
#.###............. #...##.....##
#.................
#...##....######@####≈≈≈≈≈≈......
#....#...........####≈♣♣≈P≈≈≈≈..≈
#......#..######....###≈♣≈≈≈≈≈≈≈≈
#.####...## #........###≈♣P≈≈♣≈≈≈
#.#......####........##..♣♣♣♣♣♣♣♣
#...####..............#...♣♣♣♣♣..
._...###..###....................
......##.........................
......##.####....................


There were no monsters in sight!

Vanquished Creatures
  3 adders (D:2)
  A worm (D:2)
  A dart slug (D:1)
  2 bats
  3 endoplasms
  3 giant cockroaches
  4 goblins
  8 hobgoblins
  3 jackals (D:2)
  2 quokkas
  5 ball pythons
  3 frilled lizards
  A kobold (D:2)
  3 rats (D:1)
42 creatures vanquished.

Vanquished Creatures (others)
  7 plants (D:2)
7 creatures vanquished.

Grand Total: 49 creatures vanquished

Notes
Turn   | Place    | Note
-------+----------+-------------------------------------------
     0 | D:1      | Exodus22XD the Minotaur Fighter began the quest for the
                  | Orb.
     0 | D:1      | Reached XP level 1. HP: 19/19 MP: 0/0
    43 | D:1      | Reached XP level 2. HP: 20/27 MP: 1/1
   370 | D:1      | You fall into a shaft and drop 1 floor!
   535 | D:1      | Reached XP level 3. HP: 33/33 MP: 2/2
   956 | D:2      | Reached XP level 4. HP: 40/40 MP: 3/3
  1013 | D:2      | Found a faded altar of an unknown god.
  1048 | D:2      | Prayed at the altar of an unknown god.
  1048 | D:2      | Became a worshipper of Ashenzari the Shackled
  1191 | D:2      | Quit the game

Illustrated notes

Levels and vault maps discovered:
D:1:      onia_arrival_handbag, layout_loops_cross
D:2:      layout_rooms, basic_ecumenical_altar, serial_bayou_ford_a, minmay_puff

Skill      XL: |  1  2  3 |
---------------+----------+-----
Armour         | 4 |  4.4
Shields        | 4 |  4.3
Fighting       | 4 |  4.2
Axes           | 3 |  3.4

Action                   |  1- 3 |  4- 6 || total
-------------------------+-------+-------++-------
Melee: War axe           |    70 |     2 ||    72
       Headbutt          |     8 |       ||     8
Armor: Scale mail        |    32 |     1 ||    33
Dodge: Dodged            |    40 |     2 ||    42
Block: Buckler           |    21 |       ||    21
